 Dungeon Crawl Stone Soup version 0.31-a0-803-g95b03c3367 (webtiles) character file.

Game seed: 10099841498637351916

1367437 MackTheKnife the Intangible (level 24, 122/122 HPs)
             Began as a Felid Wanderer on Sept 20, 2023.
             Was an Initiate of Gozag.
             Escaped with the Orb
             ... and 3 runes on Sept 21, 2023!
             The game lasted 03:31:07 (97575 turns).

MackTheKnife the Intangible (Felid Wanderer)       Turns: 97575, Time: 03:31:08

Health: 122/122    AC:  3    Str:  5      XL:     24   Next: 42%
Magic:  52/52      EV: 47    Int: 29 (30) God:    Gozag
Gold:   1033       SH:  0    Dex: 24      Spells: 1/53 levels left
                                        Lives:  2   Deaths: 4

rFire   + . .        (weapon unavailable)
rCold   + + +        (shield unavailable)
rNeg    . . .        (body armour unavailable)
rPois   +            (helmet unavailable)
rElec   +            (cloak unavailable)
rCorr   +            (gloves unavailable)
SInv    +            (boots unavailable)
Will    +++..        F - amulet of the Air {Inacc Air Fly rElec RMsl}
Stlth   ++           U - ring of Bodily Harmony {Drain rC++ Int+6 Dex+3 Slay+3}
HPRegen 0.40/turn    e - ring of Feizuek {rPois rF+ rCorr MP+9 Dex+2}
MPRegen 0.33/turn

%: inaccuracy (-5), repel missiles
@: flying, hasted, studying Conjurations, very quick
A: very small, claws 1, fangs 3, see invisible, speed 1, shaggy fur 3, stealthy
paws, no weapons or thrown items, no armour, multi-lived, horns 1, mutation
resistance 1
0: Orb of Zot
}: 3/15 runes: decaying, serpentine, slimy
a: Renounce Religion, Potion Petition, Call Merchant, Bribe Branch


You escaped.
You worshipped Gozag.
Gozag was most pleased with you.
You visited 10 branches of the dungeon, and saw 49 of its levels.

You collected 23623 gold pieces.
You spent 5076 gold pieces at shops.
You paid 17514 gold pieces to Gozag.


Innate Abilities, Weirdness & Mutations

You have sharp claws.
You have razor-sharp teeth.
You have supernaturally acute eyesight. (SInv)
You cover ground quickly. (Speed+)
Your thick and shaggy fur keeps you warm. (AC +3, rC+)
Your paws help you pounce on unaware monsters.
You are incapable of wielding weapons or throwing items.
You cannot wear armour.
You gain extra lives every three experience levels.
You have a pair of small horns on your head.
You are somewhat resistant to further mutation.


   Skills:
 + Level 20.2 Fighting
 O Level 27 Dodging
 - Level 15.0 Stealth
 - Level 15.0 Spellcasting
 - Level 10.0 Conjurations
 - Level 20.0 Summonings
 - Level 14.0 Translocations
 - Level 4.0 Ice Magic
 - Level 8.0 Air Magic
 - Level 2.1 Earth Magic
 - Level 5.0 Poison Magic
 - Level 10.0 Evocations


You had one spell level left.
You knew the following spells:

 Your Spells              Type           Power      Damage    Failure   Level
a - Summon Forest         Summ/Tloc      44%        N/A       1%          5
b - Freezing Cloud        Conj/Ice/Air   38%        6-21      3%          5
c - Airstrike             Air            40%        2d(6-22)  1%          4
d - Apportation           Tloc           100%       N/A       0%          1
e - Summon Horrible Thin  Summ           47%        N/A       4%          8
f - Spellforged Servitor  Conj/Summ      41%        N/A       4%          7
h - Summon Hydra          Summ           47%        N/A       1%          7
i - Blink                 Tloc           100%       N/A       0%          2
j - Malign Gateway        Summ/Tloc      44%        N/A       1%          7
Q - Leda's Unmaking       Conj/Erth      27%        9d5       28%         6

Your spell library contained the following spells:

 Spells                   Type           Power      Damage    Failure   Level
 Freeze                   Ice            100%       1d10      1%          1
 Kiss of Death            Conj/Necr      100%       2d13      1%          1
 Magic Dart               Conj           100%       1d8       1%          1
 Sandblast                Erth           68%        2d15      1%          1
 Sting                    Tmut/Pois      100%       1d8       1%          1
 Slow                     Hex            84%        N/A       2%          1
 Ensorcelled Hibernation  Hex/Ice        66%        N/A       1%          2
 Poisonous Vapours        Pois/Air       100%       N/A       1%          2
 Static Discharge         Conj/Air       100%       2-7/arc   1%          2
 Frozen Ramparts          Ice            88%        1d14      1%          3
 Hailstorm                Conj/Ice       58%        3d13      1%          3
 Ozocubu's Armour         Ice            44%        N/A       1%          3
 Stone Arrow              Conj/Erth      100%       3d13      1%          3
 Summon Guardian Golem    Hex/Summ       68%        N/A       1%          3
 Swiftness                Air            80%        N/A       1%          3
 Brom's Barrelling Bould  Conj/Erth      54%        2d7       1%          4
 Iskenderun's Mystic Bla  Conj/Tloc      74%        2d15      1%          4
 Manifold Assault         Tloc           80%        N/A       1%          4
 Passage of Golubria      Tloc           80%        N/A       1%          4
 Summon Ice Beast         Ice/Summ       74%        N/A       1%          4
 Summon Lightning Spire   Summ/Air       100%       N/A       1%          4
 Summon Mana Viper        Hex/Summ       68%        N/A       1%          5
 Summon Cactus Giant      Summ           47%        N/A       1%          6
 Passwall                 Tmut/Erth      22%        N/A       2%          2
 Flame Wave               Conj/Fire      50%        2d12      2%          4
 Olgreb's Toxic Radiance  Pois           50%        N/A       2%          4
 Scorch                   Fire           42%        2d6       3%          2
 Sublimation of Blood     Necr           21%        N/A       3%          2
 Wereblood                Tmut           21%        N/A       3%          2
 Ignite Poison            Fire/Tmut/Pois 31%        N/A       3%          3
 Confusing Touch          Hex            21%        N/A       7%          3
 Sigil of Binding         Hex            21%        N/A       7%          3
 Tukima's Dance           Hex            21%        N/A       7%          3
 Vampiric Draining        Necr           21%        2d7       7%          3
 Fireball                 Conj/Fire      25%        3d11      8%          5
 Irradiate                Conj/Tmut      25%        3d20      8%          5
 Silence                  Hex/Air        30%        N/A       12%         5
 Cause Fear               Hex            10%        N/A       22%         4
 Dispel Undead            Necr           21%        3d11      22%         4
 Lee's Rapid Deconstruct  Erth           17%        3d10*     26%         5
 Haunt                    Necr/Summ      34%        N/A       30%         7
 Orb of Destruction       Conj           34%        9d10      30%         7
 Disjunction              Tloc           40%        N/A       43%         8
 Yara's Violent Unravell  Hex/Tmut       10%        3d6       52%         5
 Dragon's Call            Summ           47%        N/A       52%         9
 Ozocubu's Refrigeration  Ice            22%        4d12      98%         7
 Discord                  Hex            10%        N/A       100%        8
 Ignition                 Fire           10%        3d5       100%        8
 Infestation              Necr           10%        N/A       100%        8
 Lehudib's Crystal Spear  Conj/Erth      27%        10d7      100%        8
 Polar Vortex             Ice            22%        12d2*     100%        9
 Animate Armour           Summ/Erth      Unusable   N/A       N/A         4
 Dimensional Bullseye     Hex/Tloc       Unusable   N/A       N/A         4
 Animate Dead             Necr           Unusable   N/A       N/A         4

Inventory:

Hand Weapons
 R - a +4 eveningstar {macerare=g}
   (You took it off Zenata on level 4 of the Vaults)
 T - a +4 eveningstar of protection {macerare=g}
   (You took it off Frederick on level 4 of the Vaults)
Jewellery
 e - the ring of Feizuek (right paw) {rPois rF+ rCorr MP+9 Dex+2}
   (You acquired it on level 10 of the Dungeon)

   [ring of resist corrosion]

   Dex+2:     It affects your dexterity (+2).
   rF+:       It protects you from fire.
   rPois:     It protects you from poison MP+9: It affects your magic capacity
   (+9).
   rCorr:     It protects you from acid and corrosion.
 F - the amulet of the Air (around neck) {Inacc Air Fly rElec RMsl}
   (You bought it in a shop on level 3 of the Lair of Beasts)

   [amulet of nothing]

   Inacc:     It reduces the accuracy of your attacks and spells.
   Air:       It enhances your air magic.
   rElec:     It insulates you from electricity.
   Fly:       It grants you flight.
   RMsl:      It protects you from missiles.
 L - a ring of protection from fire
   (You found it on level 2 of the Snake Pit)
 M - the ring of Areintoff {rF+ rC+ MP+9 Str-2}
   (You found it on level 3 of the Depths)

   [ring of magical power]

   Str-2:     It affects your strength (-2).
   rF+:       It protects you from fire.
   rC+:       It protects you from cold.
   MP+9:      It affects your magic capacity (+9).
 Q - a ring of positive energy
   (You took it off an ironbound convoker on level 2 of the Vaults)
 S - a ring of willpower
   (You found it on level 3 of the Vaults)
 U - the ring of Bodily Harmony (left paw) {Drain rC++ Int+6 Dex+3 Slay+3}
   (You found it on level 3 of the Depths)

   [ring of intelligence]

   Int+6:     It affects your intelligence (+6).
   Dex+3:     It affects your dexterity (+3).
   Slay+3:    It affects your accuracy & damage with ranged weapons and melee
   (+3).
   rC++:      It greatly protects you from cold.
   Drain:     It drains your maximum health when unequipped.
Wands
 o - a wand of charming (42)
   (You took it off an orc on level 8 of the Dungeon)
 t - a wand of quicksilver (41)
   (You found it on level 4 of the Lair of Beasts)
 y - a wand of mindburst (21)
   (You found it on level 6 of the Dungeon)
 z - a wand of flame (60)
   (You found it on level 5 of the Lair of Beasts)
 C - a wand of roots (10)
   (You found it on level 9 of the Dungeon)
 P - a wand of polymorph (5)
   (You found it on level 4 of the Swamp)
Scrolls
 a - 14 scrolls of teleportation {@r4}
 f - 5 scrolls of vulnerability {!r!r}
 i - 4 scrolls of silence {!r}
 n - 3 scrolls of immolation {!r!r}
 r - 5 scrolls of blinking {!r}
 s - 4 scrolls of torment {!r}
 u - 5 scrolls of poison
 w - 9 scrolls of fog
 D - 3 scrolls of summoning
 E - 3 scrolls of fear
 G - 3 scrolls of amnesia
Potions
 b - 5 potions of haste {@q3}
 c - 8 potions of mutation {!q}
 d - 9 potions of berserk rage {!q}
 g - 6 potions of heal wounds {@q2}
 j - 3 potions of curing {@q1}
 k - 4 potions of cancellation
 m - 10 potions of might
 q - 2 potions of resistance
 v - 4 potions of brilliance
 x - 2 potions of magic
 A - 2 potions of ambrosia
 B - 2 potions of invisibility
 I - 4 potions of enlightenment
 N - 7 potions of lignification {!q}
Miscellaneous
 l - a phial of floods
   (You found it on level 15 of the Dungeon)
 p - a lightning rod (4/4)
   (You bought it in a shop on level 9 of the Dungeon)
 J - a phantom mirror
   (You found it on level 15 of the Dungeon)
 K - a sack of spiders
   (You found it on level 15 of the Dungeon)

Dungeon Overview and Level Annotations

Branches:
Dungeon (15/15)            Temple (1/1) D:6            Lair (5/5) D:11
  Swamp (4/4) Lair:2        Snake (4/4) Lair:3        Slime (5/5) Lair:4
    Orc (2/2) D:9             Elf (0/3) Orc:2        Vaults (4/5) D:13
  Crypt (0/3) Vaults:2     Depths (4/4) D:15            Zot (5/5) Depths:4

Altars:
Ashenzari
Cheibriados
Dithmenos
Elyvilon
Fedhas
Gozag
Hepliaklqana
Kikubaaqudgha
Makhleb
Nemelex Xobeh
Okawaru
Qazlal
Ru
Sif Muna
Trog
Uskayaw
Vehumet
Wu Jian
Xom
Yredelemnul
Zin
The Shining One
Lugonu

Shops:
D:1 *   D:2 ??   D:6 *=   D:9 *::*   D:14 *   Orc:2 *([[   Lair:2 *   Lair:3 =
Swamp:2 =?   Snake:2 (   Vaults:1 *   Vaults:2 :*[(   Depths:2 :

Portals:
Hell: Depths:1 Depths:2 Depths:3 Depths:4
Abyss: Depths:1 Depths:3
Pandemonium: Depths:2
Ziggurat: Depths:1

Annotations:
D:3 exclusion: downstairs, Grinder
D:10 exclusion: 2 doors, Joseph
D:14 1 runed translucent door, senseless's ghost, journeyman MiFi
D:15 Unfinished Vault
Snake:3 1 runed translucent door
Snake:4 2 transporters, Nidiz's ghost, adept HOCA
Slime:3 exclusion: upstairs
Orc:1 Snorg
Orc:2 exclusion: upstairs
Vaults:4 1 runed translucent door, exclusion: door, Fubrub's ghost, veteran GnWr; Mennas
Zot:3 exclusion: upstairs

######.....#.#.#.#.#.#.#.#.####..
...........#.###.#.#.###.#.......
#####.####.#..>..#.#..>..#.......
#........#.###.###.###.###.......
#...).##.#...#.#.....#.#.........
########.#.###.#######.###.).....
.........#.#......>......#.......
#######..#.#.#####.#####.#.......
#.....#..#.#.#..@#.#...#.#.......
#.###.#..#.###.###.###.###.......
#.# #.#..#....>#.....#>....######
#.# #.#..#.###.###.###.###.# #.#
#.#..#.#.#...#.#...#.#.# #.#
#.#..#.#.#####.#####.#.# #.#
#.#..#.................# #
#.###.#..####.##..#######..# #
#........#..............#.#######


There were no monsters in sight!


Message History

😮 HP[+1] 😮 HP[+1] MP[+1] 😮 HP[+1] 😮 MP[+1] 😮 HP[+1] 😮 MP[+1] 😮 HP[+1] 😮 MP[+1]
The balrug gestures at you.
The fireball explodes!
The fireball engulfs you!! You resist.
* * * LOW HITPOINT WARNING * * *
😨 HP[-28]
You take 28 damage, and now have 49/122 hp.
MASSIVE DAMAGE!! (PAUSE)
The balrug gestures at you. Makhleb smites you!
* * * LOW HITPOINT WARNING * * *
😨 HP[-15]
You take 15 damage, and now have 34/122 hp.
Unknown command.
Blink to where?
Press: ? - help, Dir - move target
As you read the scroll of blinking {!r}, it crumbles to dust. 😨 MP[+1]
You feel yourself speed up. 😨 HP[+1]
You reach down and close the door. 😨 HP[+1] MP[+1]
A balrug breaks down the door.
Blink to where?
Press: ? - help, Dir - move target
As you read the scroll of blinking {!r}, it crumbles to dust. 😨 HP[+1] 😨 MP[+1]
There is a stone staircase leading up here. 😨 HP[+1]
You fly upwards.
There is a stone staircase leading down here. 😨 MP[+1]
You feel much better. 😨 HP[+22]
You regained 22 hp, and now have 60/122 hp.
You feel much better. 😮 HP[+22]
You regained 22 hp, and now have 82/122 hp. 😮 MP[+1]
There is a stone staircase leading up here.
You feel better. 😕 HP[+12]
You regained 12 hp, and now have 94/122 hp.
You feel better. 😕 HP[+11]
You regained 11 hp, and now have 105/122 hp.
You feel better. 😕 HP[+9]
You regained 9 hp, and now have 114/122 hp.
You feel better. 😎 HP[+8] MP[+1]
Your hp is fully restored (122).
You fly upwards.
There is a stone staircase leading down here.
What level of the Dungeon? (default 1, ? - help)
You see here a +0 halberd {polearm}.
You see here a +0 pair of boots.
Items here: ))))) [[[.
There is a stone staircase leading up here.
Your extra speed is starting to run out.
You fly upwards.
Level annotation: exclusion: downstairs, Grinder
There is a stone staircase leading down here.
You feel yourself slow down.
There is a stone staircase leading up here.
You fly upwards.
There is a stone staircase leading down here.
Things that are here:
a +0 chain mail; a +0 mace {mace}
There is a stone staircase leading up here.
You fly upwards.
There is a stone staircase leading down here. 😎 MP[+8]
Your mp is fully restored (52).
Unknown command.
Unknown command.
There is an open door here.
A Wymucik, a hellwing and a blizzard demon come into view.
Unknown command.
Okay, then.
Unknown command.
Blink to where?
Press: ? - help, Dir - move target
As you read the scroll of blinking {!r}, it crumbles to dust.
Wymucik moves out of view.
The hellwing moves out of view.
The blizzard demon moves out of view.
You feel yourself speed up.
Unknown command.
Blink to where?
Press: ? - help, Dir - move target
As you read the scroll of blinking {!r}, it crumbles to dust.
There is a staircase leading out of the dungeon here.
You have escaped!

Skill      XL: |  1  2  3  4  5  6  7  8  9 10 11 12 13 14 15 16 17 18 19 20 21 22 23 24 |
---------------+-------------------------------------------------------------------------+-----
Poison Magic   | 1 2 4 5 |  5.0
Air Magic      | 2 6 7 8 |  8.0
Stealth        | 2 4 5 8 10 12 15 | 15.0
Spellcasting   | 2 3 5 6 8 9 10 11 12 14 15 | 15.0
Evocations     | 3 6 8 10 | 10.0
Dodging        | 5 8 10 12 16 18 20 22 27 | 27.0
Conjurations   | 2 5 6 7 8 10 | 10.0
Summonings     | 1 6 7 10 15 17 19 20 | 20.0
Fighting       | 6 8 10 13 14 16 18 20 | 20.2
Ice Magic      | 4 |  4.0
Translocations | 14 | 14.0
Earth Magic    | 2 |  2.1

Action                     |  1- 3 |  4- 6 |  7- 9 | 10-12 | 13-15 | 16-18 | 19-21 | 22-24 || total
---------------------------+-------+-------+-------+-------+-------+-------+-------+-------++-------
  Melee: Unarmed           |   108 |   129 |   175 |    73 |    14 |    17 |    13 |    22 ||   551
         Bite              |    12 |    21 |    32 |    12 |       |     2 |     2 |     3 ||    84
         Punch             |     1 |     1 |     2 |     1 |       |       |       |     3 ||     8
         Headbutt          |       |       |    31 |    18 |     3 |     4 |     4 |     5 ||    65
   Cast: Poisonous Vapours |    12 |   158 |   255 |   121 |       |       |       |       ||   546
         Static Discharge  |       |       |    12 |    10 |       |       |       |       ||    22
         Airstrike         |       |       |       |   216 |   488 |   318 |    88 |    90 ||  1200
         Summon Lightning  |       |       |       |    44 |    62 |    19 |     6 |     1 ||   132
         Olgreb's Toxic Ra |       |       |       |    17 |    28 |     1 |       |       ||    46
         Summon Cactus Gia |       |       |       |       |    43 |    11 |     2 |       ||    56
         Summon Hydra      |       |       |       |       |    27 |   257 |    78 |    14 ||   376
         Summon Forest     |       |       |       |       |     3 |    22 |     3 |       ||    28
         Freezing Cloud    |       |       |       |       |       |    21 |     7 |     4 ||    32
         Malign Gateway    |       |       |       |       |       |    17 |    61 |   100 ||   178
         Summon Horrible T |       |       |       |       |       |       |    56 |   108 ||   164
         Spellforged Servi |       |       |       |       |       |       |       |    58 ||    58
         Apportation       |       |       |       |       |       |       |       |     3 ||     3
 Invoke: Call Merchant     |       |       |       |     1 |     3 |     2 |       |       ||     6
         Bribe Branch      |       |       |       |       |       |       |       |     3 ||     3
         Potion Petition   |       |       |       |       |       |       |       |     4 ||     4
  Evoke: Wand              |       |     3 |    23 |     6 |     5 |     1 |       |    16 ||    54
         Lightning rod     |       |       |       |     2 |     8 |     2 |       |     7 ||    19
         Phantom mirror    |       |       |       |       |     1 |       |       |     2 ||     3
         Sack of spiders   |       |       |       |       |       |     3 |     2 |     3 ||     8
         Phial of floods   |       |       |       |       |       |       |       |     1 ||     1
    Use: Scroll            |     4 |     2 |     6 |    11 |    12 |     6 |     3 |    23 ||    67
         Potion            |       |       |     3 |       |     1 |     2 |     3 |    26 ||    35
   Stab: Sleeping          |     5 |       |     1 |       |     1 |       |       |       ||     7
         Invisible         |       |       |       |       |     1 |       |       |       ||     1
         Distracted        |       |       |       |       |       |     2 |     1 |       ||     3
 Armour: Skin              |    21 |    60 |   101 |    55 |    50 |    79 |    48 |   107 ||   521
  Dodge: Dodged            |    83 |   152 |   301 |   247 |   172 |   217 |   158 |   335 ||  1665
         Repelled          |       |       |       |       |     6 |    11 |     1 |    17 ||    35

Levels and vault maps discovered:
D:1:      evilmike_arrival_hilbert_curve, layout_basic, serial_shops,
          nicolae_shop_crystal, minmay_shallow_snake_nest
D:2:      layout_basic, serial_curves, eino_curves_02, eino_curves_01,
          serial_shops, nicolae_shop_stone, shop, uniq_terence, uniq_robin
D:3:      layout_loops_ring, mainiacjoe_overflow_paths, nrook_loot_triangle,
          serial_bayou_lagoon_b, uniq_natasha, uniq_grinder
D:4:      layout_loops_ring, mainiacjoe_overflow_brackets
D:5:      layout_rooms, nicolae_overflow_hidden_temple
D:6:      layout_gridville, mainiacjoe_overflow_24_doors,
          minmay_temple_entry_gardened_gates, serial_shops, nicolae_shop_stone,
          shop
D:7:      layout_rooms, nicolae_ru_path_of_blood
D:8:      layout_rooms, minitemple, nrook_mini_vaults,
          kennysheep_decorative_pillar, nicolae_letterblocks
          [nicolae_letter_subblock, nicolae_letter_subblock,
          nicolae_letter_subblock, nicolae_letter_subblock,
          nicolae_letter_subblock, nicolae_letter_subblock,
          nicolae_letter_subblock, nicolae_letter_subblock,
          nicolae_letter_subblock, nicolae_letter_subblock,
          nicolae_letter_subblock, nicolae_letter_subblock,
          nicolae_letter_subblock, nicolae_letter_subblock,
          nicolae_letter_subblock, nicolae_letter_subblock,
          nicolae_letter_subblock, nicolae_letter_subblock,
          nicolae_letter_subblock, nicolae_letter_subblock,
          nicolae_letter_subblock, nicolae_letter_subblock,
          nicolae_letter_subblock, nicolae_letter_subblock,
          nicolae_letter_subblock]
D:9:      layout_big_octagon, grunt_temple_overflow_growth_and_decay,
          gammafunk_temple_overflow_elements, nicolae_gozag_zags_fifth_avenue,
          orc_0_dummy, nicolae_elemental_shop
D:10:     layout_grid_maze, minmay_misc_feat_doors, nicolae_nh_ransacked_shop,
          uniq_joseph
D:11:     layout_loops_ring, david_lair_generic, kennysheep_cross_room,
          minmay_fractal_squares_5
D:12:     layout_cave_pools, kennysheep_cross_bottleneck
D:13:     layout_cave_pools, grunt_vaults_entry_tiered
D:14:     layout_gridville, serial_shops, shop_coins, hangedman_decor_lopped,
          ebering_ghost_inner_flame
D:15:     hangedman_depths_entry_civil_slaughter, layout_basic,
          good_gods_mini_temple, minivault_1, minmay_the_grid_2x2
          [minmay_the_grid_plusring, minmay_the_grid_spikes,
          minmay_the_grid_box_x, minmay_the_grid_prize_diamond_cup]
Temple:   corrupted_temple
Lair:1:   layout_cave_pods, nicolae_lair_lil_pond
Lair:2:   layout_cave_pods, minmay_swamp_entry_reptiles, portal_ice_cave_rime,
          beast_lair_carwin_2
Lair:3:   layout_small_grid, nicolae_snake_entry_warm_welcome, basic_altar,
          chequers_serial_rivers_small_a, lemuel_fruit_tree
Lair:4:   layout_misc_corridors, slime_entry_1
Lair:5:   guppyfry_lair_end_dragon, layout_concentric_octagons,
          serial_bayou_shore_b, serial_bayou_shore_a
Swamp:1:  nicolae_swamp_wrong_neighborhood, layout_basic_swamp,
          evilmike_swamp_ruin_house_2, swamp_pool2
Swamp:2:  layout_basic_swamp, evilmike_swamp_ruin_house_3, swamp_pool1
Swamp:3:  nzn_winding_woodlands_medium [nzn_winding_woodlands_5x5_open_star,
          nzn_winding_woodlands_5x15_concentric,
          nzn_winding_woodlands_hourglass, nzn_winding_woodlands_5x5_perimeter,
          nzn_winding_woodlands_center_diamonds,
          nzn_winding_woodlands_5x5_checkerboard,
          nzn_winding_woodlands_5x5_default,
          nzn_winding_woodlands_5x15_longhouse,
          nzn_winding_woodlands_5x5_cross], layout_basic_swamp,
          evilmike_swamp_ruin_house_6, swamp_pool4, nicolae_swamp_dense_foliage
Swamp:4:  swamp_alternative, layout_basic_swamp, swamp_pool1,
          infiniplex_staircase_pool
Snake:1:  layout_layer_cave, grunt_megastairs_5, uniq_agnes
Snake:2:  layout_onion_interference, serial_shops, shop, uniq_aizul, uniq_donald
Snake:3:  cheibrodos_toxic_ritual, layout_layer_cave, nicolae_snake_omega,
          serial_bayou_shore_b, uniq_kirke
Snake:4:  snake_pit, layout_cave_town, gammafunk_ghost_wrathful_warriors,
          eino_curves_03
Slime:1:  layout_caves, cheibrodos_slime_lost_civilization_4
Slime:2:  layout_caves
Slime:3:  layout_caves, nicolae_slime_getting_an_eyeful, uniq_dissolution
Slime:4:  nicolae_slime_infinislime, layout_caves
Slime:5:  slime_pit_nicolae_jellycorners
Orc:1:    layout_caves, basic_altar, uniq_erica, uniq_snorg, uniq_jorgrun
Orc:2:    st_orc_rangers, layout_caves, mines1_david, uniq_erolcha
Vaults:1: hangedman_vaults_nails, nicolae_vaults_circle_grid_a,
          nicolae_vaults_twisting_passages, nicolae_vaults_turnstiles, v_misc_1,
          nicolae_vaults_circle_grid_a, v_misc_2, hangedman_vaults_trim,
          nicolae_vaults_tetromino_T_1, vaults_dpeg_emergency_exit,
          layout_vaults_big_cross, serial_shops, shop, uniq_saint_roka
Vaults:2: nicolae_vaults_network_quincunx
          [nicolae_vaults_network_quincunx_subvault,
          nicolae_vaults_network_quincunx_subvault,
          nicolae_vaults_network_quincunx_subvault,
          nicolae_vaults_network_quincunx_subvault,
          nicolae_vaults_network_quincunx_subvault], nicolae_vaults_trapezoid_4,
          v_pattern_2, minmay_crypt_entry_simple_sparse, hangedman_vaults_maws,
          v_alt_pattern_6, nicolae_vaults_tetromino_L_1,
          nicolae_vaults_heart-shaped_vault,
          nicolae_vaults_taking_the_gang_shopping,
          nicolae_vaults_trapezoid_lopsided_3, layout_vaults_omnigrid,
          serial_shops, shop, nicolae_shop_scrapyard, shop
Vaults:3: ontoclasm_vaults_spin, nicolae_vaults_wrenched, vaults_room_pools,
          hangedman_vaults_stream, vaults_mumra_hexcomb, grunt_vaults_focal,
          nicolae_vaults_storage_closets_3, vaults_standard_mumra_x,
          vaults_room_hallway, vaults_room_stairs_pillars,
          layout_vaults_maze_snakey
Vaults:4: gammafunk_ghost_grave, nicolae_vaults_more_shelving_2,
          ontoclasm_vaults_ring_small, vaults_room_door_ring, door_vault,
          nicolae_vaults_ring_of_whatevers, v_misc_11, v_misc_2,
          vaults_mumra_hex, vaults_room_large_hall, vaults_dpeg_encased_lava,
          vaults_room_semicircle, v_misc_17, hangedman_vaults_variations,
          nicolae_vaults_weapon_check, layout_vaults_ring, uniq_frederick,
          uniq_zenata, uniq_mennas
Depths:1: hellmonk_destroyed_diamonds, layout_gridlike, enter_ziggurat_b,
          abyss_entry, hell_entry, hangedman_abyss_or_decor_stabs,
          nicolae_qazlal_scattered_showers, uniq_asterion, uniq_norris
Depths:2: minmay_containers, layout_cave_shapes, hangedman_decor_growths,
          hell_entry, serial_shops, shop, rand_demon_pan_entry_9,
          nicolae_kite_square_tiling_tiny, st_stairs_9,
          nicolae_tso_carved_into_rock
Depths:3: radiant_caverns_a_rkd, hell_entry, abyss_entry
Depths:4: grunt_zot_entry_gee_three, layout_gridville, grunt_metal_band
Zot:1:    hangedman_zot_vaults_quadrants, layout_cathedral_of_symmetry
Zot:2:    layout_concentric_octagons, hangedman_zot_decor_tridents
Zot:3:    layout_misc_corridors, uniq_parghit
Zot:4:    regret_index_qazlal_generations, layout_onion_interference
Zot:5:    layout_concentric_octagons

Notes
Turn   | Place    | Note
-------+----------+-------------------------------------------
     0 | D:1      | MackTheKnife the Felid Wanderer began the quest for the
                  | Orb.
     0 | D:1      | MackTheKnife set off with the following items: a scroll of
                  | teleportation {@r4}, a scroll of blinking {!r}; and the
                  | following spells available to memorise: Poisonous Vapours,
                  | Static Discharge.
     0 | D:1      | Reached XP level 1. HP: 10/10 MP: 3/3
     0 | D:1      | magus.rc [v1.9.6]
   220 | D:1      | HP: 2/10 [frozen (1)]
   556 | D:1      | Reached skill level 1 in Poison Magic
   556 | D:1      | Reached XP level 2. HP: 13/14 MP: 3/5
   564 | D:1      | Learned a level 2 spell: Poisonous Vapours
   883 | D:1      | Found Gurul's General Store.
  1468 | D:2      | You add the spells Ozocubu's Armour and Ozocubu's
                  | Refrigeration to your library.
  1580 | D:2      | Reached skill level 2 in Poison Magic
  1580 | D:2      | Reached XP level 3. HP: 10/17 MP: 2/6
  1691 | D:2      | Noticed Terence
  1764 | D:2      | Found Asoch's Magic Scroll Shoppe.
  1772 | D:2      | Bought a scroll of identify for 20 gold pieces
  1772 | D:2      | Bought a scroll of identify for 20 gold pieces
  1772 | D:2      | Bought a scroll of identify for 20 gold pieces
  1808 | D:2      | Killed Terence
  1976 | D:2      | Reached XP level 4. HP: 19/21 MP: 2/7
  2053 | D:2      | Found Ufosauq's Magic Scroll Emporium.
  2059 | D:2      | Noticed Robin
  2630 | D:2      | Reached skill level 2 in Air Magic
  2657 | D:2      | Killed Robin
  3382 | D:3      | Noticed Natasha
  3389 | D:2      | HP: 5/21 [Natasha (7)]
  3391 | D:2      | Killed Natasha
  3392 | D:2      | Reached skill level 1 in Stealth
  3392 | D:2      | Reached skill level 2 in Spellcasting
  3712 | D:3      | Reached skill level 2 in Stealth
  3928 | D:3      | Reached XP level 5. HP: 12/24 MP: 2/9
  4321 | D:3      | Noticed Grinder
  4446 | D:3      | You pick up a book of Touch and begin reading...
  4446 | D:3      | You add the spells Kiss of Death, Confusing Touch and
                  | Dispel Undead to your library.
  4524 | D:3      | Found a bloodstained altar of Trog.
  5040 | D:4      | Noticed a centaur
  5260 | D:4      | Reached skill level 3 in Spellcasting
  5364 | D:4      | Gained mutation: You are covered in thick fur. (AC +2)
                  | [Felid growth]
  5364 | D:4      | Reached XP level 6. HP: 24/28 MP: 1/12
  5721 | D:4      | Reached skill level 4 in Spellcasting
  6240 | D:4      | Reached skill level 5 in Spellcasting
  6504 | D:4      | Found a snail-covered altar of Cheibriados.
  7291 | D:4      | Reached skill level 3 in Evocations
  7391 | D:4      | Reached XP level 7. HP: 31/31 MP: 4/15
  7451 | D:5      | Entered Level 5 of the Dungeon
  7500 | D:5      | Reached skill level 4 in Evocations
  7974 | D:5      | Reached skill level 5 in Evocations
  8208 | D:5      | Found a glowing golden altar of the Shining One.
  8832 | D:6      | Found a staircase to the Ecumenical Temple.
  8838 | Temple   | Entered the Ecumenical Temple
  8997 | D:6      | Reached skill level 6 in Evocations
  9496 | D:6      | Reached skill level 3 in Stealth
  9597 | D:6      | Reached skill level 5 in Dodging
  9597 | D:6      | Reached skill level 4 in Stealth
  9597 | D:6      | Reached XP level 8. HP: 20/34 MP: 0/16
 10033 | D:6      | Found a shadowy altar of Dithmenos.
 10096 | D:6      | You pick up a book of Burglary and begin reading...
 10096 | D:6      | You add the spells Passwall, Ensorcelled Hibernation and
                  | Swiftness to your library.
 10152 | D:6      | Found Orapa's General Store.
 10219 | D:6      | Reached skill level 5 in Stealth
 10224 | D:6      | magus.rc [v1.9.6]
 10314 | D:6      | Found Nidaeph's Jewellery Shop.
 10318 | D:6      | HP: 8/34 [white imp (4)]
 10319 | D:6      | Reached skill level 6 in Dodging
 10641 | D:5      | Gained mutation: Your body sometimes deteriorates upon
                  | taking damage. [potion of mutation]
 10642 | D:5      | Lost mutation: Your body sometimes deteriorates upon taking
                  | damage. [potion of mutation]
 10642 | D:5      | Gained mutation: You are vulnerable to heat. (rF-) [potion
                  | of mutation]
 10642 | D:5      | Gained mutation: You are robust. (+10% HP) [potion of
                  | mutation]
 10642 | D:5      | Gained mutation: You have hidden genetic potential. [potion
                  | of mutation]
 10643 | D:5      | Lost mutation: You are vulnerable to heat. (rF-) [potion of
                  | mutation]
 10643 | D:5      | Lost mutation: You are robust. (+10% HP) [potion of
                  | mutation]
 10643 | D:5      | Lost mutation: You have hidden genetic potential. [potion
                  | of mutation]
 10643 | D:5      | Gained mutation: You have a pair of small horns on your
                  | head. [potion of mutation]
 10643 | D:5      | Gained mutation: You are agile. (Dex +4, Str/Int -1)
                  | [potion of mutation]
 10860 | D:7      | Killed from afar by an orc priest
 10913 | D:7      | Reached skill level 7 in Dodging
 10975 | D:7      | Reached skill level 8 in Dodging
 10982 | D:7      | HP: 7/34 [yak (14)]
 11285 | D:7      | Learned a level 2 spell: Static Discharge
 11287 | D:7      | magus.rc [v1.9.6]
 11456 | D:7      | Reached skill level 1 in Conjurations
 11640 | D:7      | Reached skill level 6 in Spellcasting
 11640 | D:7      | Reached skill level 2 in Conjurations
 11755 | D:6      | Reached XP level 9. HP: 36/37 MP: 1/19
 12151 | D:1      | Bought a scroll of blinking for 105 gold pieces
 12480 | D:7      | Reached skill level 3 in Conjurations
 12644 | D:6      | magus.rc [v1.9.6]
 12923 | D:7      | Found a sacrificial altar of Ru.
 13214 | D:8      | You pick up a book of Touch and begin reading...
 13375 | D:8      | Reached skill level 7 in Spellcasting
 13375 | D:8      | Reached skill level 4 in Conjurations
 13444 | D:8      | Found a stormy altar of Qazlal.
 13448 | D:8      | Found a basalt altar of Yredelemnul.
 13455 | D:8      | Found an ornate altar of the Wu Jian Council.
 13589 | D:8      | Identified the +3 long sword "Budiney" {vamp, rC+ Dex+3
                  | SInv}
 13860 | D:8      | Reached skill level 5 in Conjurations
 14220 | D:8      | Identified the +2 helmet "Komom" {Str+3}
 14500 | D:8      | Reached skill level 8 in Spellcasting
 14620 | D:8      | Reached XP level 10. HP: 29/42 MP: 3/23
 14827 | D:8      | Reached skill level 6 in Conjurations
 15357 | D:9      | Found a blossoming altar of Fedhas.
 15359 | D:9      | Found an ancient bone altar of Kikubaaqudgha.
 15388 | D:9      | Found Boesilu's Elemental Accessories.
 15407 | D:9      | Noticed a two-headed ogre
 15484 | D:9      | Killed a two-headed ogre
 15612 | D:9      | You pick up a book of Debilitation and begin reading...
 15612 | D:9      | You add the spells Slow, Sigil of Binding and Vampiric
                  | Draining to your library.
 15620 | D:9      | Found a staircase to the Orcish Mines.
 15886 | D:9      | Found Gozag's Platinum Reserve.
 15888 | D:9      | Found an opulent altar of Gozag.
 15913 | D:9      | Became a worshipper of Gozag Ym Sagoz the Greedy
 15993 | D:9      | You pick up a book of Storms and begin reading...
 15993 | D:9      | You add the spells Airstrike and Summon Lightning Spire to
                  | your library.
 16011 | D:9      | Found a burning altar of Makhleb.
 16011 | D:9      | Found a hide-covered altar of Uskayaw.
 16071 | D:8      | Learned a level 4 spell: Airstrike
 16168 | D:10     | Entered Level 10 of the Dungeon
 16404 | D:10     | Reached skill level 3 in Air Magic
 16919 | D:10     | magus.rc [v1.9.6]
 16938 | D:10     | Reached skill level 4 in Air Magic
 17047 | D:10     | Noticed a two-headed ogre
 17284 | D:11     | Reached skill level 5 in Air Magic
 17711 | D:10     | HP: 2/42 [two-headed ogre/+0 giant spiked club (13)]
 18311 | D:10     | Reached skill level 6 in Air Magic
 18870 | D:10     | Identified a scroll of acquirement
 18870 | D:10     | Acquired the ring of Feizuek {rPois rF+ rCorr MP+9 Dex+2}
 18878 | D:10     | Learned a level 4 spell: Summon Lightning Spire
 18930 | D:10     | Paralysed by a hornet for 2 turns
 18935 | D:10     | Reached skill level 1 in Summonings
 18935 | D:10     | Reached XP level 11. HP: 28/45 MP: 9/24
 19085 | D:10     | Noticed Joseph
 19394 | D:10     | Killed a two-headed ogre
 19395 | D:10     | Reached skill level 3 in Summonings
 20044 | D:9      | Reached skill level 4 in Summonings
 20054 | D:9      | Bought a lightning rod (4/4) for 600 gold pieces
 20402 | D:11     | Reached skill level 5 in Summonings
 20728 | D:11     | Found a staircase to the Lair.
 20737 | D:11     | Reached skill level 6 in Summonings
 20832 | D:11     | Reached skill level 4 in Fighting
 21104 | D:11     | Reached skill level 5 in Fighting
 21554 | D:11     | Reached skill level 6 in Fighting
 22022 | Lair:1   | Entered Level 1 of the Lair of Beasts
 22023 | Lair:1   | magus.rc [v1.9.6]
 22107 | Lair:1   | Learned a level 3 spell: Swiftness
 22118 | Lair:1   | You add the spells Sting and Olgreb's Toxic Radiance to
                  | your library.
 22124 | Lair:1   | Learned a level 4 spell: Olgreb's Toxic Radiance
 22131 | Lair:1   | Reached skill level 9 in Spellcasting
 22131 | Lair:1   | Reached skill level 3 in Poison Magic
 22825 | Lair:1   | Reached skill level 4 in Poison Magic
 23737 | Lair:2   | Gained mutation: Your thick and shaggy fur keeps you warm.
                  | (AC +3, rC+) [Felid growth]
 23737 | Lair:2   | Reached XP level 12. HP: 53/53 MP: 26/26
 23950 | Lair:2   | Reached skill level 10 in Spellcasting
 23950 | Lair:2   | Reached skill level 5 in Poison Magic
 24207 | Lair:2   | Reached skill level 7 in Fighting
 24677 | Lair:2   | Reached skill level 8 in Fighting
 24732 | Lair:2   | Reached skill level 6 in Stealth
 25118 | Lair:2   | Reached skill level 9 in Dodging
 25257 | Lair:2   | Reached skill level 7 in Stealth
 25510 | Lair:2   | Reached skill level 8 in Stealth
 25632 | Lair:2   | Reached skill level 10 in Dodging
 25636 | Lair:2   | Reached skill level 7 in Air Magic
 26131 | Lair:2   | Found a staircase to the Swamp.
 26404 | Lair:3   | Reached skill level 7 in Summonings
 26493 | Lair:3   | Reached skill level 7 in Evocations
 27068 | Lair:3   | Reached skill level 8 in Evocations
 27187 | Lair:3   | Found a staircase to the Snake Pit.
 27349 | Lair:3   | Reached XP level 13. HP: 58/58 MP: 3/28
 27568 | Lair:3   | Reached skill level 11 in Dodging
 27814 | Lair:3   | Found a hazy altar of Hepliaklqana.
 28188 | Lair:3   | magus.rc [v1.9.6]
 28205 | Lair:4   | Reached skill level 12 in Dodging
 28367 | Lair:4   | You pick up a book of Blood and begin reading...
 28367 | Lair:4   | You add the spells Sublimation of Blood, Wereblood and
                  | Summon Hydra to your library.
 28716 | Lair:3   | Bought the amulet of the Air {Inacc Air Fly rElec RMsl} for
                  | 451 gold pieces
 28716 | Lair:3   | Found the amulet of the Air {Inacc Air Fly rElec RMsl}
 29116 | Lair:4   | Found a staircase to the Slime Pits.
 29127 | Lair:4   | You pick up a book of Burglary and begin reading...
 29162 | Lair:4   | Reached skill level 8 in Summonings
 29162 | Lair:4   | Reached skill level 8 in Air Magic
 29866 | Lair:4   | magus.rc [v1.9.6]
 29888 | Lair:5   | Entered Level 5 of the Lair of Beasts
 30076 | Lair:5   | Reached skill level 9 in Summonings
 30361 | Lair:5   | You add the spells Ignition and Discord to your library.
 30524 | Lair:5   | Reached skill level 10 in Summonings
 30535 | Lair:5   | Reached skill level 7 in Conjurations
 30990 | Lair:5   | Reached skill level 9 in Fighting
 31460 | Lair:5   | You pick up a book of Armaments and begin reading...
 31460 | Lair:5   | You add the spells Stone Arrow and Lehudib's Crystal Spear
                  | to your library.
 31675 | Lair:5   | Reached skill level 10 in Fighting
 31680 | Lair:5   | Reached XP level 14. HP: 66/66 MP: 9/29
 31697 | Lair:4   | magus.rc [v1.9.6]
 32335 | Lair:5   | magus.rc [v1.9.6]
 33221 | Orc:1    | Entered Level 1 of the Orcish Mines
 33224 | Orc:1    | Reached skill level 11 in Summonings
 33224 | Orc:1    | Noticed Jorgrun
 33287 | D:9      | Bought a book of Scorching for 390 gold pieces
 33287 | D:9      | You pick up a book of Scorching and begin reading...
 33287 | D:9      | You add the spells Scorch, Flame Wave and Summon Cactus
                  | Giant to your library.
 33294 | D:9      | Learned a level 6 spell: Summon Cactus Giant
 33294 | D:9      | magus.rc [v1.9.6]
 34283 | D:13     | You pick up a book of Weapons and begin reading...
 34283 | D:13     | You add the spells Tukima's Dance and Iskenderun's Mystic
                  | Blast to your library.
 35060 | Lair:3   | Bought a +6 ring of intelligence for 432 gold pieces
 35179 | D:14     | Reached skill level 12 in Summonings
 35273 | D:14     | Found Zuypn's Assorted Antiques.
 35552 | D:14     | Bought a scroll labelled WEIPAMP ZERU for 37 gold pieces
 35552 | D:14     | Bought a dark potion for 33 gold pieces
 35797 | D:14     | Found a runed translucent door.
 35807 | D:14     | Noticed senseless's ghost (journeyman MiFi)
 36408 | D:15     | Entered Level 15 of the Dungeon
 36418 | D:15     | Reached skill level 13 in Summonings
 37112 | D:15     | Reached skill level 14 in Summonings
 37634 | D:15     | Found a glowing silver altar of Zin.
 37636 | D:15     | Found a white marble altar of Elyvilon.
 37638 | D:15     | Found a glowing golden altar of the Shining One.
 37802 | D:15     | Found a staircase to the Depths.
 38261 | D:15     | Reached skill level 15 in Summonings
 38261 | D:15     | Reached XP level 15. HP: 50/69 MP: 3/30
 38925 | D:15     | Learned a level 7 spell: Summon Hydra
 39385 | D:15     | Noticed a tengu reaver
 39579 | Orc:1    | Killed Jorgrun
 40093 | Orc:2    | Entered Level 2 of the Orcish Mines
 40095 | Orc:2    | Noticed Erolcha
 40112 | Orc:2    | Killed Erolcha
 40113 | Orc:2    | Reached skill level 16 in Summonings
 40757 | Orc:2    | Mangled by an ettin
 40762 | Orc:1    | Noticed Snorg
 42262 | Orc:2    | Reached skill level 17 in Summonings
 42556 | Orc:2    | Found a staircase to the Elven Halls.
 42684 | Orc:2    | Found Quorehef's Antique Armour Shoppe.
 42685 | Orc:2    | Found Tatolel's Antique Weapon Boutique.
 42685 | Orc:2    | Found Tynuon's Antique Armour Emporium.
 42688 | Orc:2    | Found Omelebla's Assorted Antiques.
 42700 | Orc:2    | Bought a fizzy ruby potion for 30 gold pieces
 43001 | D:9      | Bought Zafarghy's Thoughts on Accompaniment for 432 gold
                  | pieces
 43009 | D:9      | Learned a level 5 spell: Summon Forest
 43486 | Snake:1  | Entered Level 1 of the Snake Pit
 43489 | Snake:1  | Identified the ring "Liffef" {Int+2 Dex+6}
 44238 | Snake:1  | Noticed Agnes
 45347 | Snake:1  | Reached skill level 11 in Spellcasting
 46106 | Snake:1  | Killed Agnes
 46303 | Snake:2  | Noticed Aizul
 46315 | Snake:2  | Killed Aizul
 46514 | Snake:2  | Found Ajeur's Antique Weapon Boutique.
 46823 | Snake:2  | Noticed Donald
 46833 | Snake:2  | Killed Donald
 46834 | Snake:2  | Reached XP level 16. HP: 73/73 MP: 4/32
 47294 | Snake:2  | Reached skill level 12 in Spellcasting
 47907 | D:9      | Bought the Grimoire of the Crevasse for 630 gold pieces
 47907 | D:9      | You add the spells Summon Ice Beast, Freezing Cloud and
                  | Polar Vortex to your library.
 47913 | D:9      | Learned a level 5 spell: Freezing Cloud
 48146 | Snake:3  | Reached skill level 1 in Ice Magic
 48268 | Snake:3  | Reached skill level 2 in Ice Magic
 48402 | Snake:3  | Noticed Kirke
 48407 | Snake:3  | Killed Kirke
 48408 | Snake:3  | Reached skill level 3 in Ice Magic
 48722 | Snake:3  | Reached skill level 4 in Ice Magic
 49282 | Snake:3  | Found a runed translucent door.
 49375 | Snake:3  | Reached skill level 8 in Conjurations
 49493 | Snake:3  | Reached skill level 13 in Dodging
 49705 | Snake:3  | You pick up a book of Blood and begin reading...
 49783 | Snake:3  | You pick up a book of Geomancy and begin reading...
 49783 | Snake:3  | You add the spells Sandblast and Brom's Barrelling Boulder
                  | to your library.
 51115 | Snake:4  | Entered Level 4 of the Snake Pit
 51134 | Snake:4  | Reached skill level 14 in Dodging
 51347 | Snake:4  | Reached skill level 15 in Dodging
 51645 | Snake:4  | Noticed Nidiz's ghost (adept HOCA)
 51645 | Snake:4  | Found a bloodstained altar of Trog.
 52107 | Snake:4  | You add the spells Blink and Manifold Assault to your
                  | library.
 52156 | Snake:4  | Found a transporter.
 52161 | Snake:4  | Found a transporter.
 52304 | Snake:4  | Reached skill level 16 in Dodging
 52563 | Snake:4  | Reached skill level 9 in Stealth
 52905 | Snake:4  | Reached skill level 10 in Stealth
 53026 | Snake:4  | Reached XP level 17. HP: 76/76 MP: 16/34
 53626 | Snake:4  | Reached skill level 13 in Spellcasting
 54421 | Snake:4  | Learned a level 2 spell: Blink
 54972 | Snake:4  | Got a serpentine rune of Zot
 55208 | Lair:3   | magus.rc [v1.9.6]
 55254 | Swamp:1  | Entered Level 1 of the Swamp
 55586 | Swamp:1  | Reached skill level 14 in Spellcasting
 55786 | Swamp:1  | You pick up a book of Death and begin reading...
 55786 | Swamp:1  | You add the spells Haunt and Infestation to your library.
 57456 | Swamp:2  | Reached skill level 11 in Fighting
 57959 | Swamp:2  | You pick up a book of the Wilderness and begin reading...
 58457 | Swamp:3  | HP: 19/79 [spriggan rider/+2 heavy spear (29)]
 58727 | Swamp:3  | Reached skill level 12 in Fighting
 58923 | Swamp:2  | Bought a scroll of blinking for 90 gold pieces
 58923 | Swamp:2  | Bought a scroll of summoning for 114 gold pieces
 58923 | Swamp:2  | Bought a scroll of summoning for 114 gold pieces
 58923 | Swamp:2  | Bought a scroll of revelation for 90 gold pieces
 58978 | Swamp:3  | Noticed a tentacled monstrosity
 58984 | Swamp:3  | Killed a tentacled monstrosity
 59517 | Swamp:3  | Noticed a tentacled monstrosity
 59524 | Swamp:3  | Killed a tentacled monstrosity
 59764 | Swamp:3  | Reached skill level 13 in Fighting
 60068 | Swamp:3  | Reached XP level 18. HP: 85/85 MP: 25/37
 60202 | Swamp:3  | You pick up a book of Scorching and begin reading...
 61457 | Swamp:3  | You add the spells Malign Gateway and Summon Horrible
                  | Things to your library.
 61652 | Swamp:4  | Entered Level 4 of the Swamp
 61782 | Swamp:4  | You pick up a book of the Dragon and begin reading...
 61782 | Swamp:4  | You add the spells Cause Fear, Fireball and Dragon's Call
                  | to your library.
 61812 | Swamp:4  | Reached skill level 14 in Fighting
 61945 | Swamp:4  | Reached skill level 1 in Translocations
 62015 | Swamp:4  | Reached skill level 2 in Translocations
 62215 | Swamp:4  | Reached skill level 3 in Translocations
 62557 | Swamp:4  | Reached skill level 4 in Translocations
 62854 | Swamp:4  | Reached skill level 5 in Translocations
 63503 | Swamp:4  | Reached skill level 6 in Translocations
 63586 | Swamp:4  | Reached skill level 15 in Spellcasting
 63594 | Swamp:4  | Learned a level 7 spell: Malign Gateway
 63615 | Swamp:4  | HP: 18/87 [swamp worm[a spriggan druid] (26)]
 63786 | Swamp:4  | Reached skill level 7 in Translocations
 64200 | Swamp:4  | Reached skill level 8 in Translocations
 64577 | Swamp:4  | Got a decaying rune of Zot
 64756 | Swamp:4  | Reached skill level 9 in Translocations
 65142 | D:13     | Reached skill level 10 in Translocations
 65304 | D:13     | Found a gate to the Vaults.
 65330 | Vaults:1 | Entered Level 1 of the Vaults
 65339 | Vaults:1 | Reached skill level 11 in Translocations
 65682 | Vaults:1 | Reached skill level 12 in Translocations
 65899 | Vaults:1 | Noticed Saint Roka
 66200 | Vaults:1 | Killed Saint Roka
 66201 | Vaults:1 | Reached skill level 13 in Translocations
 66494 | Vaults:1 | You add the spells Magic Dart and Orb of Destruction to
                  | your library.
 66494 | Vaults:1 | Got a dusty book
 66498 | Vaults:1 | Found Sadd's Assorted Antiques.
 66509 | Vaults:1 | Bought a potion of magic for 256 gold pieces
 66509 | Vaults:1 | Bought a scroll of amnesia for 128 gold pieces
 66524 | Vaults:1 | Reached skill level 14 in Translocations
 67056 | Vaults:1 | Reached XP level 19. HP: 51/91 MP: 28/39
 67384 | Vaults:1 | Reached skill level 18 in Summonings
 67977 | Vaults:1 | You pick up a book of the Moon and begin reading...
 67977 | Vaults:1 | You add the spells Passage of Golubria and Silence to your
                  | library.
 68157 | Vaults:1 | Reached skill level 9 in Evocations
 68518 | Vaults:1 | Reached skill level 10 in Evocations
 68912 | Vaults:1 | magus.rc [v1.9.6]
 68915 | Vaults:2 | magus.rc [v1.9.6]
 68958 | Vaults:2 | Found a staircase to the Crypt.
 69250 | Vaults:2 | Reached skill level 17 in Dodging
 70003 | Vaults:2 | Reached skill level 18 in Dodging
 70428 | Vaults:2 | Found Domun's Antique Armour Shoppe.
 70803 | Vaults:2 | Found Xariaz's Weapon Emporium.
 71389 | Vaults:2 | Learned a level 8 spell: Summon Horrible Things
 71523 | Vaults:2 | Found Ytoidetomp's Book Boutique.
 71586 | Vaults:2 | Reached skill level 19 in Summonings
 72423 | Vaults:2 | Found Wareudia's Assorted Antiques.
 72602 | Vaults:2 | magus.rc [v1.9.6]
 72939 | Vaults:3 | Reached XP level 20. HP: 89/95 MP: 40/40
 73173 | Vaults:3 | Reached skill level 20 in Summonings
 73237 | Vaults:3 | You pick up a book of Frost and begin reading...
 73237 | Vaults:3 | You add the spells Freeze, Frozen Ramparts and Hailstorm to
                  | your library.
 73584 | Vaults:3 | Reached skill level 19 in Dodging
 74722 | Vaults:3 | Acquired 601 gold pieces
 75099 | Vaults:4 | Reached skill level 20 in Dodging
 75126 | Vaults:4 | Identified a potion of experience
 75252 | Vaults:4 | Reached skill level 12 in Stealth
 75252 | Vaults:4 | Reached XP level 21. HP: 99/99 MP: 41/41
 75496 | Vaults:4 | Reached skill level 13 in Stealth
 75767 | Vaults:4 | Found a runed translucent door.
 75767 | Vaults:4 | Noticed Fubrub's ghost (veteran GnWr)
 75811 | Vaults:4 | Noticed Zenata
 75832 | Vaults:4 | Killed Zenata
 75962 | Vaults:4 | R - a +4 eveningstar {macerare=g}
 76108 | Vaults:4 | Noticed Frederick
 76124 | Vaults:4 | Killed Frederick
 76125 | Vaults:4 | Reached skill level 14 in Stealth
 76160 | Vaults:4 | T - a +4 eveningstar of protection {macerare=g}
 76256 | Vaults:4 | Found a huge runed gate.
 76256 | Vaults:4 | Found a huge runed gate.
 76256 | Vaults:4 | Found a huge runed gate.
 76256 | Vaults:4 | Found a huge runed gate.
 76256 | Vaults:4 | Found a huge runed gate.
 76256 | Vaults:4 | Found a huge runed gate.
 76257 | Vaults:4 | Found a huge runed gate.
 76258 | Vaults:4 | Found a huge runed gate.
 76258 | Vaults:4 | Found a huge runed gate.
 76258 | Vaults:4 | Found a huge runed gate.
 76269 | Vaults:4 | Found a huge runed gate.
 76269 | Vaults:4 | Found a huge runed gate.
 76269 | Vaults:4 | Found a huge runed gate.
 76269 | Vaults:4 | Found a huge runed gate.
 76269 | Vaults:4 | Found a huge runed gate.
 76269 | Vaults:4 | Found a huge runed gate.
 76270 | Vaults:4 | Found a huge runed gate.
 76271 | Vaults:4 | Found a huge runed gate.
 76272 | Vaults:4 | Noticed Mennas
 76285 | Vaults:4 | Found a huge runed gate.
 76285 | Vaults:4 | Found a huge runed gate.
 76285 | Vaults:4 | Found a huge runed gate.
 76285 | Vaults:4 | Found a huge runed gate.
 76285 | Vaults:4 | Found a huge runed gate.
 76285 | Vaults:4 | Found a huge runed gate.
 76286 | Vaults:4 | Found a huge runed gate.
 76287 | Vaults:4 | Found a huge runed gate.
 76288 | Vaults:4 | Found a huge runed gate.
 76296 | Vaults:4 | Found a huge runed gate.
 76296 | Vaults:4 | Found a huge runed gate.
 76296 | Vaults:4 | Found a huge runed gate.
 76296 | Vaults:4 | Found a huge runed gate.
 76296 | Vaults:4 | Found a huge runed gate.
 76296 | Vaults:4 | Found a huge runed gate.
 76297 | Vaults:4 | Found a huge runed gate.
 76298 | Vaults:4 | Found a huge runed gate.
 76299 | Vaults:4 | Found a huge runed gate.
 76750 | Vaults:4 | Reached skill level 15 in Stealth
 77234 | Depths:1 | Entered Level 1 of the Depths
 77292 | Depths:1 | Found a one-way gateway to a ziggurat.
 77353 | Depths:1 | Noticed Norris
 77367 | Depths:1 | Killed Norris
 77496 | Depths:1 | HP: 8/99 [spriggan air mage/the air (32)]
 77497 | Depths:1 | Killed from afar by a spriggan air mage
 77809 | Depths:1 | Found a gateway to Hell.
 78007 | Depths:1 | Found a stormy altar of Qazlal.
 78118 | Depths:1 | Reached skill level 15 in Fighting
 78193 | Depths:1 | You are sucked into a shaft and drop 1 floor!
 78193 | Depths:2 | Found Saicwitt's Book Shoppe.
 78561 | Depths:1 | Identified the +0 kite shield "Xani" {rElec Str+4}
 78561 | Depths:1 | Noticed Asterion
 78604 | Depths:1 | Killed Asterion
 78713 | Depths:1 | Found a one-way gate to the infinite horrors of the Abyss.
 78974 | Depths:2 | Found a glowing golden altar of the Shining One.
 79078 | Depths:2 | Noticed a caustic shrike
 79090 | Depths:2 | Killed a caustic shrike
 79302 | Depths:2 | Reached skill level 16 in Fighting
 79306 | Depths:2 | Reached XP level 22. HP: 106/106 MP: 34/42
 79409 | Depths:2 | Noticed a golden dragon
 79415 | Depths:2 | Killed a golden dragon
 79643 | Depths:2 | You pick up a book of Dangerous Friends and begin
                  | reading...
 79643 | Depths:2 | You add the spells Summon Guardian Golem and Spellforged
                  | Servitor to your library.
 79908 | Vaults:3 | Learned a level 7 spell: Spellforged Servitor
 80410 | Vaults:2 | Bought the Papyrus of Mortuary Breccia for 616 gold pieces
 80410 | Vaults:2 | You add the spells Lee's Rapid Deconstruction and Leda's
                  | Unmaking to your library.
 80417 | Vaults:2 | Learned a level 6 spell: Leda's Unmaking
 80720 | Depths:2 | Reached skill level 1 in Earth Magic
 80731 | Depths:2 | Reached skill level 2 in Earth Magic
 81118 | Depths:2 | Found a one-way gate leading to the halls of Pandemonium.
 81416 | Depths:2 | Noticed a caustic shrike
 81432 | Depths:2 | Noticed a caustic shrike
 81613 | Depths:3 | Paralysed by an air elemental for 1 turns
 81613 | Depths:3 | Killed from afar by a war gargoyle
 81667 | Depths:3 | Reached skill level 9 in Conjurations
 82321 | Depths:3 | You pick up a book of Armaments and begin reading...
 82584 | Depths:3 | Reached skill level 10 in Conjurations
 82906 | Depths:3 | Identified the ring of Vatynu {Int+6 Dex+5}
 83728 | Depths:3 | Reached skill level 17 in Fighting
 84575 | Depths:3 | Identified the ring of Areintoff {rF+ rC+ MP+9 Str-2}
 84610 | Depths:3 | Identified the ring of Bodily Harmony {Drain rC++ Int+6
                  | Dex+3 Slay+3}
 84724 | Depths:3 | Got a humming book
 85031 | Depths:4 | Entered Level 4 of the Depths
 85282 | Depths:4 | Noticed a juggernaut
 85432 | Depths:4 | Reached skill level 18 in Fighting
 85507 | Depths:4 | Killed a juggernaut
 85629 | Depths:4 | Noticed a juggernaut
 85638 | Depths:4 | Killed a juggernaut
 85835 | Depths:4 | Killed Margery
 85928 | Depths:4 | a +3 heavy great sword {long}; +0 storm dragon scales
                  | {rare}
 86713 | Depths:4 | Reached skill level 21 in Dodging
 87136 | Depths:4 | Found a gate to the Realm of Zot.
 87529 | Slime:1  | Entered Level 1 of the Pits of Slime
 88121 | Slime:5  | Entered Level 5 of the Pits of Slime
 88133 | Slime:5  | Reached skill level 22 in Dodging
 88199 | Slime:5  | Gained mutation: You are vulnerable to heat. (rF-) [a
                  | shining eye]
 88200 | Slime:5  | Gained mutation: Your body sometimes deteriorates upon
                  | taking damage. [a shining eye]
 88317 | Slime:5  | Reached XP level 23. HP: 114/114 MP: 43/43
 88557 | Slime:5  | Noticed the Royal Jelly
 88568 | Slime:5  | Killed the Royal Jelly
 88569 | Slime:5  | Reached skill level 23 in Dodging
 88624 | Slime:5  | Got a slimy rune of Zot
 88826 | Slime:5  | Identified the ring of Accord {+Blink Fly EV+5}
 88831 | Slime:5  | Identified the +1 mace "Iluoc" {venom, Str+2}
 88832 | Slime:5  | Identified the ring "Jielops" {Will+ Str+3 SInv}
 88935 | Slime:5  | Identified the +1 quarterstaff of Shrieking Terror {freeze,
                  | +Blink rElec Int+8 Dex-2}
 89127 | Slime:5  | You pick up a book of Changes and begin reading...
 89164 | Slime:5  | Identified the +6 short sword "Giantbane" {antimagic, Fly}
 89796 | D:15     | Lost mutation: You are agile. (Dex +4, Str/Int -1) [potion
                  | of mutation]
 89796 | D:15     | Lost mutation: You are vulnerable to heat. (rF-) [potion of
                  | mutation]
 89796 | D:15     | Gained mutation: You have an increased reservoir of magic.
                  | (+10% MP) [potion of mutation]
 89797 | D:15     | Lost mutation: You have an increased reservoir of magic.
                  | (+10% MP) [potion of mutation]
 89797 | D:15     | Lost mutation: Your body sometimes deteriorates upon taking
                  | damage. [potion of mutation]
 89797 | D:15     | Gained mutation: You passively map a small area around you.
                  | [potion of mutation]
 89797 | D:15     | Gained mutation: You are somewhat resistant to further
                  | mutation. [potion of mutation]
 89937 | Zot:1    | Entered Level 1 of the Realm of Zot
 89939 | Zot:1    | Noticed an electric golem
 89949 | Zot:1    | Noticed an electric golem
 89954 | Zot:1    | Killed an electric golem
 89958 | Zot:1    | Killed an electric golem
 90279 | Zot:1    | Reached skill level 24 in Dodging
 90427 | Zot:1    | Identified the +5 hand cannon "Aveithra" {speed, rElec
                  | Will+ rCorr Dex-4}
 90706 | D:9      | Bought Gysiluups's Opusculum on the Stinger and the Door
                  | for 468 gold pieces
 90706 | D:9      | You add the spells Apportation, Ignite Poison and
                  | Disjunction to your library.
 90708 | D:9      | Learned a level 1 spell: Apportation
 91271 | Zot:1    | HP: 25/114 [quicksilver dragon (23)]
 91331 | Zot:1    | Noticed an electric golem
 91353 | Zot:1    | Killed an electric golem
 91592 | Zot:1    | Noticed an ancient lich
 91597 | Zot:1    | Killed an ancient lich
 91704 | Zot:1    | Noticed a dread lich
 91768 | Zot:1    | Reached skill level 25 in Dodging
 92186 | Zot:3    | Noticed an orb of fire
 92312 | Zot:3    | Killed an orb of fire
 92546 | Zot:3    | Identified +8 gold dragon scales
 92546 | Zot:3    | Noticed Parghit
 92562 | Zot:3    | Killed Parghit
 92608 | Zot:3    | 6 large rocks {=fthrowing}; +8 gold dragon scales {rare}
 92673 | Zot:3    | +8 gold dragon scales {rare}; 6 large rocks {=fthrowing}
 92972 | Zot:4    | Reached skill level 26 in Dodging
 92974 | Zot:4    | Noticed an orb of fire
 92995 | Zot:4    | Killed an orb of fire
 93377 | Zot:4    | Reached skill level 27 in Dodging
 93850 | Zot:4    | Reached XP level 24. HP: 86/118 MP: 41/43
 94644 | Zot:4    | Noticed an ancient lich
 94645 | Zot:4    | Noticed an orb of fire
 94917 | Zot:4    | Gained mutation: You are vulnerable to heat. (rF-) [an orb
                  | of fire]
 94920 | Zot:4    | Killed an orb of fire
 95087 | Zot:4    | Lost mutation: You are vulnerable to heat. (rF-) [potion of
                  | mutation]
 95087 | Zot:4    | Lost mutation: You passively map a small area around you.
                  | [potion of mutation]
 95268 | Zot:4    | Killed an ancient lich
 95269 | Zot:4    | Reached skill level 19 in Fighting
 95457 | Zot:4    | Found a stormy altar of Qazlal.
 95479 | Zot:5    | Entered Level 5 of the Realm of Zot
 96467 | Zot:5    | Noticed an orb of fire
 96468 | Zot:5    | magus.rc [v1.9.6]
 96470 | Zot:5    | Noticed a Killer Klown
 96471 | Zot:5    | Noticed an orb of fire
 96475 | Zot:5    | Killed a Killer Klown
 96607 | Zot:5    | Noticed an orb of fire
 96609 | Zot:5    | Noticed an orb of fire
 96648 | Zot:5    | Noticed an orb of fire
 96762 | Zot:5    | Reached skill level 20 in Fighting
 96915 | Zot:5    | Got the Orb of Zot
 97545 | D:1      | Noticed Wymucik the pandemonium lord
 97575 | D:$      | Escaped with the Orb!

Vanquished Creatures
  An orb of fire (Zot:3)
  2 liches
  7 acid blobs (Slime:5)
  A quicksilver dragon (Zot:1)
  2 sphinxes
  2 thorn hunters (Swamp:4)
  2 fenstrider witches (Swamp:4)
  A draconian monk (Zot:4)
  2 azure jellies (Slime:5)
  A nagaraja (Snake:4)
  A ghost moth (Zot:4)
  2 very ugly things (Depths:3)
  3 quicksilver oozes (Slime:5)
  An ironbound thunderhulk (Vaults:2)
  An eleionoma (Swamp:3)
  A crystal guardian (D:15)
  2 ettins
  A fire dragon (Lair:5)
  2 yaktaur captains
  A shambling mangrove (Swamp:4)
  2 great orbs of eyes
  A ghost crab (Swamp:1)
  2 salamander tyrants (Snake:4)
  3 spriggan air magi
  A catoblepas (D:13)
  2 ironbound frosthearts
  3 centaur warriors
  5 two-headed ogres
  3 hydras
  A death knight (Vaults:2)
  An anaconda (Snake:1)
  4 naga warriors
  4 naga sharpshooters
  2 spriggan berserkers
  A tengu warrior (D:14)
  A shock serpent (Snake:4)
  An orc high priest (Orc:2)
  A skyshark (Lair:2)
  A skeletal warrior (D:15)
  A spriggan druid (Swamp:3)
  A naga ritualist (Snake:1)
  A salamander mystic (Snake:3)
  2 goliath frogs
  A glowing orange brain (Depths:3)
  6 swamp dragons
  2 deep trolls
  2 wizards
  4 bog bodies (Swamp:3)
  5 ironbound convokers
  A harpy (Vaults:1)
  6 lindwurms
  6 orc knights
  3 deep elf pyromancers
  An orc sorcerer (Orc:2)
  A necromancer (D:15)
  2 ugly things
  9 mana vipers
  A will-o-the-wisp (Swamp:4)
  A shining eye (Slime:1)
  7 salamanders
  4 cyclopes
  An elephant (shapeshifter) (D:15)
  A black mamba (shapeshifter) (Depths:3)
  3 moths of wrath
  21 elephants
  An eye of devastation (shapeshifter) (Depths:3)
  7 naga magi
  A gargoyle (D:11)
  A guardian serpent (Snake:4)
  19 black mambas
  A yaktaur (Vaults:2)
  10 cane toads
  2 unseen horrors
  6 rime drakes
  2 efreet
  5 komodo dragons
  A tengu conjurer (D:14)
  3 meliai (D:15)
  A bloated husk (Swamp:3)
  4 hornets
  4 trolls
  4 blink frogs (Lair:3)
  A dream sheep (shapeshifter) (Depths:3)
  4 dream sheep (Lair:5)
  10 slime creatures
  3 wraiths
  A spriggan (Swamp:2)
  A water elemental (Depths:3)
  A shadow (D:11)
  24 yaks
  2 wyverns
  2 fire elementals
  2 basilisks
  2 steam dragons (Lair:5)
  2 redbacks
  A warg (Orc:2)
  15 vampire mosquitoes
  A neqoxec (Zot:1)
  14 nagas
  3 acid dragons
  6 swamp worms
  2 floating eyes (shapeshifter) (Depths:3)
  11 water moccasins
  3 black bears
  32 orc warriors
  A sky beast (D:7)
  6 swamp drakes
  A black bear (shapeshifter) (D:14)
  An ogre (shapeshifter) (D:13)
  10 ogres
  5 wolves
  A boggart (D:15)
  8 centaurs
  2 kobold brigands
  12 bullfrogs
  An earth elemental (Depths:3)
  3 scorpions
  7 wights
  15 killer bees
  5 howler monkeys
  An electric eel (Lair:5)
  A jelly (D:6)
  3 lava snakes
  14 orc priests
  2 hounds
  Natasha (D:2)
  Terence (D:2)
  5 iguanas
  23 orc wizards
  Robin (D:2)
  6 adders
  9 gnolls
  3 white imps
  4 ufetubi
  2 worms
  76 orcs
  6 ball pythons
  5 endoplasms
  4 giant cockroaches
  8 hobgoblins
  7 quokkas
  2 bats
  3 frilled lizards
  17 goblins
  14 kobolds
  4 rats
  A snaplasher vine (Snake:4)
684 creatures vanquished.

Vanquished Creatures (collateral kills)
  the Royal Jelly (Slime:5)
  2 orbs of fire (Zot:4)
  2 ancient liches
  A juggernaut (Depths:4)
  Parghit (Zot:3)
  Frederick (Vaults:4)
  Saint Roka (Vaults:1)
  4 golden dragons
  A caustic shrike (Depths:2)
  A bone dragon (Depths:4)
  Norris (Depths:1)
  3 electric golems (Zot:1)
  11 tentacled monstrosities
  Jorgrun (Orc:1)
  Zenata (Vaults:4)
  A walking earthen tome (Depths:2)
  12 Orb Guardians
  A lich (Depths:1)
  3 sphinxes
  2 titans
  Asterion (Depths:1)
  5 acid blobs (Slime:5)
  3 quicksilver dragons
  Agnes (Snake:1)
  4 death cobs
  Kirke (Snake:3)
  A shadow dragon (shapeshifter) (Depths:3)
  A tengu reaver (Depths:2)
  3 eldritch tentacles
  8 storm dragons
  A thorn hunter (Swamp:1)
  A revenant (Vaults:2)
  Aizul (Snake:2)
  8 azure jellies
  9 draconian monks
  An azure jelly (shapeshifter) (Depths:3)
  Donald (Snake:2)
  4 shadow dragons
  4 rockslimes
  4 frost giants
  A fenstrider witch (Swamp:2)
  A draconian knight (Zot:4)
  5 fire giants
  2 iron dragons
  4 nagarajas (Snake:4)
  3 orc warlords
  A ghost moth (Zot:5)
  10 vault wardens
  A balrug (Depths:4)
  A draconian stormcaller (Zot:5)
  17 ironbound preservers
  A spriggan defender (Depths:4)
  A draconian annihilator (Zot:5)
  5 war gargoyles
  A vampire knight (Depths:4)
  5 quicksilver oozes
  A quicksilver ooze (shapeshifter) (Depths:3)
  3 formless jellyfish
  10 ironbound thunderhulks
  10 very ugly things
  7 stone giants
  6 green draconians
  8 dire elephants
  7 purple draconians
  5 black draconians
  4 spark wasps
  7 white draconians
  9 eleionomae
  7 bunyips
  3 yellow draconians
  6 ettins
  5 red draconians
  An entropy weaver (shapeshifter) (D:15)
  A deep elf high priest (Depths:4)
  A crystal guardian (Vaults:3)
  A deep elf death mage (Vaults:4)
  7 yaktaur captains
  6 great orbs of eyes
  A rakshasa (Depths:3)
  3 entropy weavers
  4 shambling mangroves
  11 fire dragons
  8 ice dragons
  4 peacekeepers
  3 vault guards
  Erolcha (Orc:2)
  17 hydras
  A hydra (shapeshifter) (Vaults:4)
  2 spriggan air magi
  5 centaur warriors
  6 ironbound frosthearts
  An ogre mage (D:15)
  7 anacondas
  10 alligators
  7 boulder beetles
  16 dancing weapons
  3 deep troll earth magi
  3 two-headed ogres (D:15)
  5 deep troll shamans
  6 spriggan berserkers
  5 naga sharpshooters
  18 naga warriors
  A vampire mage (Vaults:2)
  4 tengu warriors
  3 sun demons (Depths:4)
  A hell knight (Depths:4)
  A soul eater (Depths:2)
  3 skysharks (Depths:1)
  7 skeletal warriors (D:15)
  7 goliath frogs
  4 iron trolls
  2 spriggan druids
  6 glowing orange brains
  A deep troll (shapeshifter) (Vaults:3)
  2 flayed ghosts (Depths:2)
  2 orb spiders (shapeshifter) (Depths:3)
  A salamander mystic (Snake:4)
  7 naga ritualists
  7 swamp dragons
  2 bog bodies
  4 obsidian statues (Depths:3)
  8 wizards
  50 deep trolls
  11 ironbound convokers
  An orc sorcerer (Vaults:1)
  2 lindwurms
  8 mana vipers
  5 harpies
  A manticore (shapeshifter) (Depths:3)
  6 orc knights
  A harpy (shapeshifter) (Depths:3)
  A manticore (D:15)
  23 ugly things
  A salamander (shapeshifter) (Depths:3)
  3 shining eyes
  3 will-o-the-wisps
  A mana viper (shapeshifter) (Zot:1)
  4 cyclopes
  8 salamanders
  A moth of wrath (shapeshifter) (Vaults:3)
  16 elephants
  14 moths of wrath
  5 guardian serpents
  15 naga magi
  25 black mambas
  17 vault sentinels
  A rime drake (shapeshifter) (Depths:3)
  3 gargoyles
  4 cane toads
  5 komodo dragons
  A freezing wraith (Vaults:2)
  28 yaktaurs
  A tengu conjurer (Depths:1)
  18 hornets
  9 tyrant leeches
  A merfolk (shapeshifter) (Depths:1)
  2 trolls
  2 wind drakes (Depths:3)
  3 raiju (Depths:3)
  A tarantella (Vaults:2)
  3 dream sheep (Lair:5)
  A blink frog (Lair:3)
  A dream sheep (shapeshifter) (Vaults:1)
  93 slime creatures
  A shadow (D:11)
  A culicivora (Vaults:2)
  3 hogs (Snake:3)
  A hog (shapeshifter) (Depths:3)
  11 spriggans
  A wyvern (D:11)
  3 air elementals (Depths:3)
  4 water elementals
  3 fire elementals (Depths:3)
  17 humans (D:13)
  28 yaks
  4 redbacks
  4 basilisks
  4 golden eyes
  A steam dragon (Lair:5)
  A neqoxec (Depths:2)
  7 vampire mosquitoes
  4 swamp worms
  26 nagas
  An acid dragon (D:11)
  A warg (Orc:2)
  5 water moccasins
  A floating eye (shapeshifter) (Depths:3)
  15 orc warriors
  3 swamp drakes
  A black bear (D:11)
  2 ogres
  3 wolves
  2 centaurs (Orc:2)
  2 bullfrogs
  6 earth elementals (Depths:3)
  2 wights (D:8)
  2 jellies (D:6)
  4 killer bees (D:11)
  12 nameless horrors
  2 howler monkeys
  3 orc priests
  An iguana (Lair:2)
  An orc wizard (Vaults:1)
  15 orcs
  2 ball lightnings (Depths:3)
  A spectral weapon (Depths:1)
1117 creatures vanquished.

Vanquished Creatures (others)
  A juggernaut (Depths:4)
  A Killer Klown (Zot:5)
  Margery (Depths:4)
  2 tentacled monstrosities (Zot:5)
  9 Orb Guardians (Zot:5)
  175 eldritch tentacles
  2 draconian monks
  A shadow dragon (Zot:5)
  2 storm dragons
  A draconian scorcher (Zot:5)
  2 green draconians
  A black draconian (Zot:5)
  2 purple draconians (Zot:5)
  3 white draconians
  A great orb of eyes (Vaults:2)
  2 vault guards (D:13)
  An ice dragon (Depths:4)
  A yaktaur captain (Depths:4)
  9 hell knights (Depths:4)
  2 deep trolls (Depths:4)
  A wizard (Vaults:1)
  2 necromancers (Depths:4)
  2 moths of wrath
  A vault sentinel (Vaults:3)
  A raiju (Depths:3)
  A slime creature (Slime:5)
  A water elemental (Depths:3)
  A human (Snake:3)
  A golden eye (D:6)
  A wight (D:8)
  11 ball lightnings (Depths:3)
  6 foxfires
  6 snaplasher vines
254 creatures vanquished.

Grand Total: 2055 creatures vanquished

Table legend:
 A = Non-vault XP
 B = Vault XP
 C = Vault XP percentage of total XP
 D = Non-vault monster count
 E = Vault monster count
 F = Vault count percentage of total count
                 A         B        C        D         E       F
            +---------+---------+-------+---------+---------+-------
      Total |  531329 |  400988 |  43.0 |    1207 |     561 |  31.7
            +---------+---------+-------+---------+---------+-------
        D:1 |      29 |       5 |  14.7 |      17 |       3 |  15.0
        D:2 |      45 |     107 |  70.4 |      13 |      13 |  50.0
        D:3 |     144 |       0 |   0.0 |      17 |       0 |   0.0
        D:4 |     524 |       0 |   0.0 |      33 |       0 |   0.0
        D:5 |     450 |       0 |   0.0 |      18 |       0 |   0.0
        D:6 |    1096 |       0 |   0.0 |      21 |       0 |   0.0
        D:7 |    1274 |       0 |   0.0 |      14 |       0 |   0.0
        D:8 |    2241 |       0 |   0.0 |      36 |       0 |   0.0
        D:9 |    1836 |       0 |   0.0 |      18 |       0 |   0.0
       D:10 |    3420 |     203 |   5.6 |      28 |       4 |  12.5
       D:11 |    5362 |    2241 |  29.5 |      35 |      10 |  22.2
       D:12 |    3355 |       0 |   0.0 |      13 |       0 |   0.0
       D:13 |    2800 |    6897 |  71.1 |       7 |      24 |  77.4
       D:14 |    7425 |       0 |   0.0 |      21 |       0 |   0.0
       D:15 |   18393 |   10222 |  35.7 |      33 |      15 |  31.2
     Lair:1 |    3495 |       0 |   0.0 |      17 |       0 |   0.0
     Lair:2 |    9284 |    1673 |  15.3 |      36 |      10 |  21.7
     Lair:3 |    7021 |     631 |   8.2 |      27 |       3 |  10.0
     Lair:4 |   10059 |       0 |   0.0 |      23 |       0 |   0.0
     Lair:5 |   15106 |    4123 |  21.4 |      40 |      14 |  25.9
    Swamp:1 |    8889 |    4993 |  36.0 |      17 |       5 |  22.7
    Swamp:2 |   12255 |       0 |   0.0 |      24 |       0 |   0.0
    Swamp:3 |   19555 |   15821 |  44.7 |      35 |      22 |  38.6
    Swamp:4 |   17626 |   17450 |  49.7 |      25 |      27 |  51.9
    Snake:1 |   14022 |    2470 |  15.0 |      26 |       3 |  10.3
    Snake:2 |    8604 |    2737 |  24.1 |      18 |       2 |  10.0
    Snake:3 |   21684 |    6531 |  23.1 |      47 |      12 |  20.3
    Snake:4 |   29931 |   22030 |  42.4 |      63 |      32 |  33.7
    Slime:1 |    3340 |       0 |   0.0 |      13 |       0 |   0.0
    Slime:2 |    3522 |       0 |   0.0 |      11 |       0 |   0.0
    Slime:3 |    3357 |       0 |   0.0 |       3 |       0 |   0.0
    Slime:4 |    1331 |       0 |   0.0 |       1 |       0 |   0.0
    Slime:5 |   20500 |   17105 |  45.5 |      53 |      13 |  19.7
      Orc:1 |    1328 |    1950 |  59.5 |      17 |       1 |   5.6
      Orc:2 |    8769 |    6311 |  41.9 |      65 |      38 |  36.9
   Vaults:1 |   28617 |   29216 |  50.5 |      48 |      42 |  46.7
   Vaults:2 |   40237 |   27089 |  40.2 |      60 |      35 |  36.8
   Vaults:3 |   31801 |   15168 |  32.3 |      46 |      20 |  30.3
   Vaults:4 |   13202 |   20752 |  61.1 |      21 |      22 |  51.2
   Depths:1 |   22986 |    6178 |  21.2 |      29 |       5 |  14.7
   Depths:2 |   16814 |   16537 |  49.6 |      20 |      13 |  39.4
   Depths:3 |       0 |   56591 | 100.0 |       0 |      90 | 100.0
   Depths:4 |   27909 |   15005 |  35.0 |      32 |      15 |  31.9
      Zot:1 |   18475 |   31591 |  63.1 |      13 |      24 |  64.9
      Zot:2 |    3889 |       0 |   0.0 |       4 |       0 |   0.0
      Zot:3 |    9739 |    3071 |  24.0 |       8 |       1 |  11.1
      Zot:4 |   29927 |   41778 |  58.3 |      20 |      32 |  61.5
      Zot:5 |   19661 |   14512 |  42.5 |      21 |      11 |  34.4
            +---------+---------+-------+---------+---------+-------

Skill      XL: |  1  2  3  4  5  6  7  8  9 10 11 12 13 14 15 16 17 18 19 20 21 22 23 24 |
---------------+-------------------------------------------------------------------------+-----
Poison Magic   | 1 2 4 5 |  5.0
Air Magic      | 2 6 7 8 |  8.0
Stealth        | 2 4 5 8 10 12 15 | 15.0
Spellcasting   | 2 3 5 6 8 9 10 11 12 14 15 | 15.0
Evocations     | 3 6 8 10 | 10.0
Dodging        | 5 8 10 12 16 18 20 22 27 | 27.0
Conjurations   | 2 5 6 7 8 10 | 10.0
Summonings     | 1 6 7 10 15 17 19 20 | 20.0
Fighting       | 6 8 10 13 14 16 18 20 | 20.2
Ice Magic      | 4 |  4.0
Translocations | 14 | 14.0
Earth Magic    | 2 |  2.1

Action                     |  1- 3 |  4- 6 |  7- 9 | 10-12 | 13-15 | 16-18 | 19-21 | 22-24 || total
---------------------------+-------+-------+-------+-------+-------+-------+-------+-------++-------
  Melee: Unarmed           |   108 |   129 |   175 |    73 |    14 |    17 |    13 |    22 ||   551
         Bite              |    12 |    21 |    32 |    12 |       |     2 |     2 |     3 ||    84
         Punch             |     1 |     1 |     2 |     1 |       |       |       |     3 ||     8
         Headbutt          |       |       |    31 |    18 |     3 |     4 |     4 |     5 ||    65
   Cast: Poisonous Vapours |    12 |   158 |   255 |   121 |       |       |       |       ||   546
         Static Discharge  |       |       |    12 |    10 |       |       |       |       ||    22
         Airstrike         |       |       |       |   216 |   488 |   318 |    88 |    90 ||  1200
         Summon Lightning  |       |       |       |    44 |    62 |    19 |     6 |     1 ||   132
         Olgreb's Toxic Ra |       |       |       |    17 |    28 |     1 |       |       ||    46
         Summon Cactus Gia |       |       |       |       |    43 |    11 |     2 |       ||    56
         Summon Hydra      |       |       |       |       |    27 |   257 |    78 |    14 ||   376
         Summon Forest     |       |       |       |       |     3 |    22 |     3 |       ||    28
         Freezing Cloud    |       |       |       |       |       |    21 |     7 |     4 ||    32
         Malign Gateway    |       |       |       |       |       |    17 |    61 |   100 ||   178
         Summon Horrible T |       |       |       |       |       |       |    56 |   108 ||   164
         Spellforged Servi |       |       |       |       |       |       |       |    58 ||    58
         Apportation       |       |       |       |       |       |       |       |     3 ||     3
 Invoke: Call Merchant     |       |       |       |     1 |     3 |     2 |       |       ||     6
         Bribe Branch      |       |       |       |       |       |       |       |     3 ||     3
         Potion Petition   |       |       |       |       |       |       |       |     4 ||     4
  Evoke: Wand              |       |     3 |    23 |     6 |     5 |     1 |       |    16 ||    54
         Lightning rod     |       |       |       |     2 |     8 |     2 |       |     7 ||    19
         Phantom mirror    |       |       |       |       |     1 |       |       |     2 ||     3
         Sack of spiders   |       |       |       |       |       |     3 |     2 |     3 ||     8
         Phial of floods   |       |       |       |       |       |       |       |     1 ||     1
    Use: Scroll            |     4 |     2 |     6 |    11 |    12 |     6 |     3 |    23 ||    67
         Potion            |       |       |     3 |       |     1 |     2 |     3 |    26 ||    35
   Stab: Sleeping          |     5 |       |     1 |       |     1 |       |       |       ||     7
         Invisible         |       |       |       |       |     1 |       |       |       ||     1
         Distracted        |       |       |       |       |       |     2 |     1 |       ||     3
 Armour: Skin              |    21 |    60 |   101 |    55 |    50 |    79 |    48 |   107 ||   521
  Dodge: Dodged            |    83 |   152 |   301 |   247 |   172 |   217 |   158 |   335 ||  1665
         Repelled          |       |       |       |       |     6 |    11 |     1 |    17 ||    35

Illustrated notes

Table legend:
 A = Kills in this place as a percentage of kills in the entire game.
 B = Kills by you in this place as a percentage of kills by you in the entire game.
 C = Kills by friends in this place as a percentage of kills by friends in the entire game.
 D = Other kills in this place as a percentage of other kills in the entire game.
 E = Experience gained in this place as a percentage of experience gained in the entire game.
 F = Experience gained in this place divided by the number of levels of this place that you have seen.
                   A       B       C       D       E      F
               +-------+-------+-------+-------+-------+----------------------
         Total | 100.0 | 100.0 | 100.0 | 100.0 | 100.0 | 19178.6
       Dungeon |  22.2 |  45.5 |   8.1 |  12.5 |   7.4 | 4667.1
          Lair |   9.6 |  15.2 |   6.2 |   0.0 |   5.5 | 10278.4
         Swamp |   8.7 |   6.1 |  10.5 |   0.0 |  10.3 | 24147.2
     Snake Pit |  11.4 |  10.1 |  12.4 |   0.0 |  11.5 | 27002.2
    Slime Pits |   5.3 |   1.6 |   7.6 |   0.0 |   5.2 | 9831.0
  Orcish Mines |   6.8 |  13.3 |   2.9 |   0.0 |   2.0 | 9179.0
        Vaults |  16.6 |   3.7 |  24.5 |  12.5 |  21.9 | 51520.5
        Depths |  11.8 |   3.0 |  16.7 |  43.8 |  17.8 | 41836.0
           Zot |   7.6 |   1.5 |  11.0 |  31.2 |  18.4 | 34563.2
               +-------+-------+-------+-------+-------+----------------------

Table legend: (Time is in decaauts)
 A = Elapsed time spent in this place.
 B = Non-inter-level travel time spent in this place.
 C = Inter-level travel time spent in this place.
 D = Time resting spent in this place.
 E = Time spent auto-exploring this place.
 F = Levels seen in this place.
 G = Mean time per level.
                   A        B        C        D        E       F      G
               +--------+--------+--------+--------+--------+-----+--------+
         Total |  88742 |  83073 |   5669 |  26730 |  39267 |  49 | 1811.1 |
       Dungeon |  27216 |  24727 |   2489 |   7238 |  11577 |  15 | 1814.4 |
        Temple |     81 |     76 |      5 |     49 |      0 |   1 |   81.0 |
          Lair |  10772 |   9845 |    927 |   2434 |   5991 |   5 | 2154.4 |
         Swamp |   9177 |   8905 |    272 |   3102 |   4813 |   4 | 2294.2 |
     Snake Pit |  10517 |  10310 |    207 |   3090 |   5898 |   4 | 2629.2 |
    Slime Pits |   1885 |   1824 |     61 |    630 |    453 |   5 |  377.0 |
  Orcish Mines |   3097 |   3041 |     56 |   1194 |   1434 |   2 | 1548.5 |
        Vaults |  11136 |  10524 |    612 |   3748 |   4624 |   4 | 2784.0 |
        Depths |   8778 |   7888 |    890 |   2476 |   3132 |   4 | 2194.5 |
           Zot |   6080 |   5934 |    146 |   2765 |   1341 |   5 | 1216.0 |
               +--------+--------+--------+--------+--------+-----+--------+

Top non-repeatable levels by time:
Vaults:1: 3773 daAuts
 Swamp:3: 3622 daAuts
Depths:3: 3568 daAuts
 Snake:4: 3513 daAuts
Vaults:2: 3271 daAuts
    D:15: 3062 daAuts
 Snake:3: 2940 daAuts
    D:10: 2881 daAuts
  Lair:5: 2788 daAuts
 Snake:1: 2540 daAuts
  Lair:2: 2513 daAuts
 Swamp:4: 2419 daAuts
   Zot:4: 2375 daAuts
   Orc:2: 2366 daAuts
    D:11: 2264 daAuts
